 Dungeon Sprint DCSS version 0.30.1-4-g462c640d31 (webtiles) character file.

Game seed: 11790152092756732561

5609 Heoruswealwe the Sorcerer (level 10, -23/47 (50) HPs)
             Began as a Deep Elf Conjurer on Sept 15, 2023.
             Was an Initiate of Gozag.
             Shot with an arrow by a centaur warrior (28 damage)
             ... in the Dungeon (Sprint I: "Red Sonja").
             The game lasted 00:14:50 (1030 turns).

Heoruswealwe the Sorcerer (Deep Elf Conjurer)       Turns: 1030, Time: 00:14:56

HP:   -23/47 (50)   AC:  5    Str:  4    XL:     10   Next: 45%
MP:   29/38         EV: 12    Int: 28    God:    Gozag
Gold: 618           SH:  0    Dex: 13    Spells: 30/53 levels left

rFire   . . .        a - +0 long sword
rCold   . . .        (no shield)
rNeg    . . .        c - +0 robe
rPois   .            (no helmet)
rElec   .            h - +2 cloak
rCorr   .            (no gloves)
SInv    .            (no boots)
Will    +....        (no amulet)
Stlth   ++           (no ring)
HPRegen 0.27/turn    (no ring)
MPRegen 0.26/turn

%: no teleportation
@: drained
A: no striking features
a: Renounce Religion, Potion Petition, Call Merchant, Bribe Branch


You were in the Dungeon.
You worshipped Gozag.
Gozag was pleased with you.
You visited 1 branch You collected 1193 gold pieces.
You spent 540 gold pieces at shops.
You donated 35 gold pieces to Zin.

Inventory:

Hand Weapons
 a - a +0 long sword (weapon)
Armour
 c - a +0 robe (worn)
 h - a +2 cloak (worn)
Wands
 f - a wand of digging (5)
Scrolls
 g - a scroll of identify {unknown}
Potions
 b - 3 potions of magic
 e - 2 potions of haste
 i - 4 potions of curing


   Skills:
 - Level 2.4 Dodging
 - Level 2.4 Stealth
 + Level 22.3 Spellcasting
 + Level 19.4 Conjurations


You had 30 spell levels left.
You knew the following spells:

 Your Spells              Type           Power      Damage    Failure   Level
a - Magic Dart            Conj           100%       1d8       0%          1
b - Searing Ray           Conj           100%       2d8       0%          2
c - Dazzling Flash        Conj/Hex       100%       N/A       1%          3
d - Stone Arrow           Conj/Erth      100%       3d13      1%          3
e - Iskenderun's Mystic   Conj/Tloc      71%        2d14      1%          4
f - Fulminant Prism       Conj/Hex       35%        3d17      1%          4
g - Iron Shot             Conj/Erth      35%        9d7       3%          6

Your spell library contained the following spells:

 Spells                   Type           Power      Damage    Failure   Level
 Sandblast                Erth           62%        2d14      1%          1
 Passwall                 Tmut/Erth      25%        N/A       1%          2
 Animate Armour           Summ/Erth      62%        N/A       12%         4
 Blade Hands              Tmut           15%        N/A       32%         5


Dungeon Overview and Level Annotations

Branches:
Dungeon (1/1)

Altars:
Cheibriados
Dithmenos
Elyvilon
Fedhas
Gozag
Hepliaklqana
Kikubaaqudgha
Makhleb
Nemelex Xobeh
Okawaru
Qazlal
Ru
Sif Muna
Trog
Uskayaw
Vehumet
Wu Jian
Xom
Yredelemnul
Zin
The Shining One
Jiyva
Lugonu

Shops:
D :[(!!:[


Message History

You see here 5 poisoned darts.
You open the door.
A centaur warrior comes into view.
The centaur warrior moves out of view.
Found 4 javelins and 6 gold pieces.
Casting: Iskenderun's Mystic Blast (safe; 1% risk of failure)
Confirm with . or Enter, or press ? or * to list all spells.
Aiming: Fulminant Prism (safe; 1% risk of failure)
Press: ? - help, Dir - move target You conjure a prism of explosive energy!
A fulminant prism comes into view.
The centaur warrior shouts!
The centaur warrior wields a +0 shortbow.
The centaur warrior shoots an arrow.
The arrow hits your fulminant prism!!
Your fulminant prism detonates feebly.
A centaur warrior comes into view.
Casting: Fulminant Prism (safe; 1% risk of failure)
Confirm with . or Enter, or press ? or * to list all spells.
The spell is quite dangerous to miscast (3% risk of failure)!
Continue anyway?
Aiming: Iron Shot (quite dangerous; 3% risk of failure)
Press: ? - help, Shift-Dir - straight line, f - centaur warrior
Aim: a centaur warrior, wielding a +0 shortbow (81% to hit)
The iron shot hits the centaur warrior!!
The centaur warrior is heavily wounded.
The centaur warrior shoots an arrow.
The arrow hits you!!
The centaur warrior wields a +2 shortbow of draining.
You sense an unholy aura.
The centaur warrior shoots an arrow.
The arrow hits you!
* * * LOW HITPOINT WARNING * * *
You feel drained.
* * * LOW HITPOINT WARNING * * *
The centaur warrior shoots an arrow.
The arrow hits you.
* * * LOW HITPOINT WARNING * * *
You feel much better.
The centaur warrior shoots an arrow.
The arrow hits you!!
Ouch! That really hurt!
* * * LOW HITPOINT WARNING * * *
The centaur warrior shoots an arrow.
The arrow hits you!!
Ouch! That really hurt!
You die...
Your body crumbles into a pile of gold.

<.#..'..#..'..#__#..'..)#$
$$
..[..#..').#..'..'..#...#
$
..#####'#####'#__####.).+
$
).####..#...#[####§$#####
$ $ ..#__####..##(#§~~§§
$$ $ ..#_____##'#_.+~§§. $
⌠⌠#_.∩...'..._#~cc $$ $
#.#_..__##_.#'##§###
..#_____###'#.#.@).### $
###########.####'###[## $
∩........'...'.....'.∩# $
##''''####.).########## $
$$ $ .......####.###


$$$$ ........#.#'#.# $ $$$$ ..#.....#.....# $$$$ ........#.(=..# $$$
.....#..####### $ $ You could see 2 centaur warriors.

Vanquished Creatures
  Sonja (D)
  A deep troll (D)
  8 shining eyes (D)
  2 kobold demonologists (D)
  A slime creature (D)
  Sigmund (D)
  A yak (D)
  5 floating eyes (D)
  An ogre (D)
  A jelly (D)
  Ijyb (D)
  A ballistomycete spore (D)
24 creatures vanquished.

Vanquished Creatures (others)
  A ballistomycete spore (D)
  A fulminant prism (D)
2 creatures vanquished.

Grand Total: 26 creatures vanquished

Notes
Turn   | Place    | Note
-------+----------+-------------------------------------------
     0 | D        | Heoruswealwe the Deep Elf Conjurer began the quest for the
                  | Orb.
     0 | D        | Reached XP level 1. HP: 10/10 MP: 6/6
     1 | D        | Noticed Ijyb
    26 | D        | Killed Ijyb
    27 | D        | Reached skill level 6 in Spellcasting
    27 | D        | Reached XP level 2. HP: 1/15 MP: 7/11
    30 | D        | Learned a level 2 spell: Searing Ray
    80 | D        | Noticed an ogre
    87 | D        | Killed an ogre
    88 | D        | Reached skill level 9 in Spellcasting
    88 | D        | Reached XP level 3. HP: 19/19 MP: 6/15
    88 | D        | Reached XP level 4. HP: 24/24 MP: 6/17
   156 | D        | Noticed Sigmund
   161 | D        | Killed Sigmund
   162 | D        | Reached skill level 11 in Spellcasting
   162 | D        | Reached skill level 10 in Conjurations
   162 | D        | Reached XP level 5. HP: 18/28 MP: 11/21
   166 | D        | Learned a level 3 spell: Dazzling Flash
   171 | D        | Learned a level 4 spell: Fulminant Prism
   176 | D        | Learned a level 4 spell: Iskenderun's Mystic Blast
   217 | D        | Found an ornate altar of the Wu Jian Council.
   217 | D        | Found a shimmering blue altar of Sif Muna.
   219 | D        | Found a radiant altar of Vehumet.
   223 | D        | Reached skill level 12 in Spellcasting
   223 | D        | Reached XP level 6. HP: 32/32 MP: 18/23
   248 | D        | Found Esufomn's Distillery.
   248 | D        | Found an ancient bone altar of Kikubaaqudgha.
   248 | D        | Found a hazy altar of Hepliaklqana.
   248 | D        | Found a stormy altar of Qazlal.
   248 | D        | Found a hide-covered altar of Uskayaw.
   248 | D        | Found a blossoming altar of Fedhas.
   248 | D        | Found a bloodstained altar of Trog.
   248 | D        | Found an iron altar of Okawaru.
   248 | D        | Found a basalt altar of Yredelemnul.
   248 | D        | Found a glowing golden altar of the Shining One.
   248 | D        | Found a snail-covered altar of Cheibriados.
   248 | D        | Found a sacrificial altar of Ru.
   248 | D        | Found a glowing silver altar of Zin.
   248 | D        | Found a shadowy altar of Dithmenos.
   248 | D        | Found a white marble altar of Elyvilon.
   248 | D        | Noticed a yak
   257 | D        | Killed a yak
   258 | D        | Reached skill level 13 in Spellcasting
   260 | D        | Found an opulent altar of Gozag.
   261 | D        | Found a sparkling altar of Nemelex Xobeh.
   266 | D        | Became a worshipper of Zin the Law-Giver
   266 | D        | Reached * piety under Zin
   266 | D        | Reached ** piety under Zin
   266 | D        | Reached *** piety under Zin
   266 | D        | Reached **** piety under Zin
   266 | D        | Reached ***** piety under Zin
   266 | D        | Reached ****** piety under Zin
   311 | D        | Noticed Sonja
   319 | D        | Killed Sonja
   320 | D        | Reached skill level 15 in Spellcasting
   320 | D        | Reached XP level 7. HP: 21/36 MP: 8/28
   334 | D        | Found Qierphau's Book Boutique.
   408 | D        | Noticed a shining eye
   408 | D        | Noticed a shining eye
   408 | D        | Noticed a shining eye
   408 | D        | Noticed a shining eye
   408 | D        | Noticed a shining eye
   408 | D        | Noticed a shining eye
   410 | D        | Noticed a shining eye
   410 | D        | Noticed a shining eye
   412 | D        | Reached skill level 16 in Spellcasting
   412 | D        | Reached XP level 8. HP: 41/41 MP: 24/30
   412 | D        | Paralysed by a floating eye for 2 turns
   415 | D        | Reached skill level 17 in Spellcasting
   417 | D        | Killed a shining eye
   418 | D        | Reached skill level 15 in Conjurations
   424 | D        | Killed a shining eye
   425 | D        | Reached skill level 18 in Spellcasting
   425 | D        | Reached XP level 9. HP: 45/45 MP: 15/33
   431 | D        | Killed a shining eye
   431 | D        | Killed a shining eye
   431 | D        | Killed a shining eye
   432 | D        | Reached skill level 20 in Spellcasting
   435 | D        | Killed a shining eye
   435 | D        | Killed a shining eye
   436 | D        | Reached skill level 21 in Spellcasting
   436 | D        | Reached XP level 10. HP: 50/50 MP: 9/37
   447 | D        | Killed a shining eye
   467 | D        | Fell from the grace of Zin
   467 | D        | Became a worshipper of Gozag Ym Sagoz the Greedy
   597 | D        | Noticed a deep troll
   610 | D        | Killed a deep troll
   629 | D        | Found Vijagg's Armour Emporium.
   809 | D        | Bought a book of Geomancy for 180 gold pieces
   814 | D        | Learned a level 3 spell: Stone Arrow
   823 | D        | Found Gyroutsof's Distillery.
   823 | D        | Found Ocof's Antique Weapon Emporium.
   823 | D        | Found Mama's Book Boutique.
   824 | D        | Found Myzax's Armour Shoppe.
   836 | D        | Bought a book of Iron for 360 gold pieces
   890 | D        | Learned a level 6 spell: Iron Shot
   890 | D        | Found a burning altar of Makhleb.
   890 | D        | Found a viscous altar of Jiyva.
   890 | D        | Found a shimmering altar of Xom.
   890 | D        | Found a corrupted altar of Lugonu.
   947 | D        | Reached skill level 22 in Spellcasting
  1026 | D        | Noticed a centaur warrior
  1027 | D        | Noticed a centaur warrior
  1030 | D        | Shot with an arrow by a centaur warrior

Illustrated notes

Levels and vault maps discovered:
D:        dungeon_sprint_1 [red_sonja_temple_1, red_sonja_temple_small_1]

Skill      XL: |  1  2  3  4  5  6  7  8  9 10 |
---------------+-------------------------------+-----
Spellcasting   | 6 9 11 12 15 16 18 21 22 | 22.3
Conjurations   | 6 8 10 14 16 18 19 | 19.4
Dodging        | |  2.4
Stealth        | |  2.4

Action                     |  1- 3 |  4- 6 |  7- 9 | 10-12 || total
---------------------------+-------+-------+-------+-------++-------
  Melee: Unarmed           |    24 |       |       |       ||    24
         Dagger            |       |       |       |     3 ||     3
         Long sword        |       |       |       |     1 ||     1
   Cast: Searing Ray       |     1 |     8 |       |     2 ||    11
         Magic Dart        |     1 |       |       |       ||     1
         Iskenderun's Myst |       |     3 |     6 |     9 ||    18
         Stone Arrow       |       |       |       |     3 ||     3
         Iron Shot         |       |       |       |     1 ||     1
         Fulminant Prism   |       |       |       |     1 ||     1
  Evoke: Wand              |     1 |       |       |       ||     1
    Use: Potion            |     1 |       |       |     1 ||     2
         Scroll            |     1 |       |       |       ||     1
 Armour: Robe              |       |       |       |     1 ||     1
  Dodge: Dodged            |     8 |     3 |       |     1 ||    12
